 Dungeon Crawl Stone Soup version 0.30-a0-800-g7c544603b3 (webtiles) character file.

Game seed: 365931476221479401

314 Newt the Trooper (level 6, 0/50 (51) HPs)
             Began as a Demonspawn Gladiator on Feb 21, 2023.
             Killed from afar by an orc wizard (7 damage)
             ... with a magic dart
             ... on level 4 of the Dungeon.
             The game lasted 00:04:24 (3867 turns).

Newt the Trooper (Demonspawn Gladiator)             Turns: 3867, Time: 00:04:24

HP:   0/50 (51)     AC:  6    Str: 17    XL:     6   Next: 19%
MP:   0/6           EV: 12    Int:  9    God:
Gold: 130           SH:  0    Dex: 14    Spells: 5/5 levels left

rFire   . . .      SeeInvis .    e - +1 mace (drain)
rCold   . . .      Faith    .    (no shield)
rNeg    . . .      Spirit   +    n - +2 robe "Caron" {Archmagi}
rPois   .          Reflect  .    (helmet restricted)
rElec   .          Harm     .    (no cloak)
rCorr   .          Rampage  .    (no gloves)
Will    .....      Archmagi +    (no boots)
Stlth   +                        j - amulet of guardian spirit
HPRegen 0.28/turn                (no ring)
MPRegen 0.10/turn                (no ring)

@: hasted, lightly drained, very quick
A: horns 2, molten scales 1, ignite blood 1
a: no special abilities


You were on level 4 of the Dungeon.
You visited 1 branch of the dungeon, and saw 4 of its levels.

You collected 130 gold pieces.

Inventory:

Hand Weapons
 a - a +0 rapier
 e - a +1 mace of draining (weapon)
Missiles
 d - 3 throwing nets (quivered)
 o - a javelin
Armour
 b - a +1 leather armour
 c - a +0 helmet
 n - the +2 robe "Caron" (worn) {Archmagi}
   (You found it on level 3 of the Dungeon)

   Archmagi:  It increases the power of your magical spells.
Jewellery
 j - an amulet of guardian spirit (around neck)
Scrolls
 h - 2 scrolls of fear
 i - a scroll of teleportation
 k - a scroll of immolation
 p - a scroll of amnesia
Potions
 f - a potion of curing
 g - a potion of magic
 l - a potion of attraction
 m - a potion of haste
 r - a potion of cancellation


   Skills:
 - Level 5.0 Fighting
 - Level 2.6 Short Blades
 + Level 1.9 Maces & Flails
 - Level 1.7 Throwing
 - Level 3.0 Armour
 - Level 2.6 Dodging


You had 5 spell levels left.
You didn't know any spells.
Your spell library was empty.

Dungeon Overview and Level Annotations

Branches:
Dungeon (4/15)
 Temple: D:4-7

Altars:

Shops:
D:1 :   D:3 =


Innate Abilities, Weirdness & Mutations

You have a pair of horns on your head.
You are partially covered in molten scales. (AC +2)
Your demonic aura sometimes causes spilled blood to erupt in flames.


Message History

The orc warrior shouts!
The orc shouts!
You hear a shout!
An orc priest comes into view. It is wielding a +0 dagger.
An orc comes into view. It is wielding a +0 club.
The orc priest shouts!
The orc wizard shouts!
The orc wizard casts a spell at you. The magic dart hits you.
The orc priest looks satisfied for a moment.
You feel yourself slow down.
You hit the orc but do no damage. You drain the orc.
The orc is moderately wounded.
The orc hits you but does no damage.
You hit the orc but do no damage. You drain the orc. You headbutt the orc.
You kill the orc!
The orc hits you but does no damage.
You hit the orc. You drain the orc.
The orc is heavily wounded.
The orc barely misses you.
You hit the orc. You drain the orc.
You kill the orc!
The orc wizard misses you. The orc warrior barely misses you.
Things that are here:
a +0 whip; a +0 hand axe; a +0 chain mail You closely miss the orc warrior.
The orc wizard casts a spell at you. The puff of flame hits you!
The orc warrior hits you with a +0 halberd!
The orc priest mumbles some strange prayers to Beogh against you.
Beogh smites you! The orc wizard misses you.
The orc warrior hits you with a +0 halberd!
* * * LOW HITPOINT WARNING * * *
The orc wizard attacks as you move away!
The orc wizard hits you but does no damage.
The orc warrior hits you from afar with a +0 halberd.
* * * LOW HITPOINT WARNING * * *
Okay, then.
You feel yourself speed up.
The orc wizard hits you but does no damage.
The orc wizard gestures at you while chanting.
The magic dart hits you!
You die...

#.. #.........###.#### ##
#....#......^..###.##### .. ##
#.##...........##.......
.##.#.##.######.#####..........
#.$....#.# #J# #...........
#8...8.#.# #>####...........
..o($(...## #.§..#.......####
..###..#.o########........#####
##.#oooo..@................
######.#########......#.##...
....##......####.#.........##
.................#.#.##...###
##..)............#.#.##.#....
.....................##.###<.
#...<..††..###......##.###).
##..###.....................
#.####.#####.......##.####.


You could see an orc warrior, an orc priest, an orc wizard and 2 orcs.

Vanquished Creatures
  An ogre (D:3)
  A hound (D:4)
  An iguana (D:4)
  7 gnolls
  2 adders
  4 worms
  2 dart slugs
  8 orcs
  6 endoplasms
  3 giant cockroaches
  4 goblins
  10 hobgoblins
  4 jackals (D:1)
  3 quokkas
  6 ball pythons
  A bat (D:3)
  6 frilled lizards
  2 kobolds (D:1)
  5 rats
76 creatures vanquished.

Notes
Turn   | Place    | Note
-------+----------+-------------------------------------------
     0 | D:1      | Newt the Demonspawn Gladiator began the quest for the Orb.
     0 | D:1      | Reached XP level 1. HP: 16/16 MP: 1/1
   177 | D:1      | Gained mutation: Your demonic aura sometimes causes spilled
                  | blood to erupt in flames. [demonic ancestry]
   177 | D:1      | Reached XP level 2. HP: 23/23 MP: 2/2
   388 | D:1      | Reached skill level 3 in Fighting
   549 | D:1      | Found Futiteoj's Book Shop.
   597 | D:1      | Gained mutation: You have a pair of small horns on your
                  | head. [demonic ancestry]
   597 | D:1      | Reached XP level 3. HP: 19/30 MP: 3/3
  1204 | D:2      | Reached skill level 4 in Fighting
  1574 | D:2      | Gained mutation: You are partially covered in molten
                  | scales. (AC +2) [demonic ancestry]
  1574 | D:2      | Reached XP level 4. HP: 38/38 MP: 4/4
  1853 | D:3      | Found Kuav's Jewellery Shop.
  2358 | D:3      | Identified the +2 robe "Caron" {Archmagi}
  2424 | D:3      | Reached skill level 5 in Fighting
  2943 | D:3      | Reached skill level 1 in Armour
  2973 | D:4      | Noticed an ogre
  2982 | D:3      | Killed an ogre
  2983 | D:3      | Reached XP level 5. HP: 14/44 MP: 5/5
  3634 | D:4      | Reached skill level 1 in Maces & Flails
  3654 | D:4      | Gained mutation: You have a pair of horns on your head.
                  | [demonic ancestry]
  3654 | D:4      | Reached XP level 6. HP: 46/48 MP: 6/6
  3847 | D:4      | Noticed an orc warrior
  3867 | D:4      | Killed from afar by an orc wizard

Illustrated notes

Levels and vault maps discovered:
D:1:      kilobyte_arrival_exit_the_forest, layout_loops_corners, serial_shops,
          nicolae_shop_waterfront
D:2:      wad_pebble_path, layout_loops_ring
D:3:      layout_basic, serial_shops, nicolae_shop_hallway_plus
D:4:      layout_rooms, guppyfry_early_orc_mine

Skill      XL: |  1  2  3  4  5 |
---------------+----------------+-----
Fighting       | 3 4 5 |  5.0
Armour         | 2 3 |  3.0
Maces & Flails | 1 |  1.9
Short Blades   | |  2.6
Throwing       | |  1.7
Dodging        | |  2.6

Action                     |  1- 3 |  4- 6 || total
---------------------------+-------+-------++-------
  Melee: Rapier            |    99 |    93 ||   192
         Headbutt          |    10 |    24 ||    34
         Punch             |     1 |     1 ||     2
         Mace              |       |    29 ||    29
  Throw: Javelin           |     1 |     1 ||     2
         Throwing net      |       |     5 ||     5
    Use: Scroll            |     5 |     4 ||     9
         Potion            |       |     3 ||     3
   Stab: Sleeping          |     2 |     1 ||     3
 Armour: Leather armour    |    19 |     7 ||    26
         Robe              |       |    31 ||    31
  Dodge: Dodged            |    56 |    86 ||   142

Table legend: (Time is in decaauts)
 A = Elapsed time spent in this place.
 B = Non-inter-level travel time spent in this place.
 C = Inter-level travel time spent in this place.
 D = Time resting spent in this place.
 E = Time spent auto-exploring this place.
 F = Levels seen in this place.
 G = Mean time per level.
                   A        B        C        D        E       F      G
               +--------+--------+--------+--------+--------+-----+--------+
         Total |   3883 |   3810 |     73 |    774 |   2470 |   4 |  970.8 |
       Dungeon |   3883 |   3810 |     73 |    774 |   2470 |   4 |  970.8 |
               +--------+--------+--------+--------+--------+-----+--------+

Top non-repeatable levels by time:
     D:3: 1763 daAuts
     D:1: 1156 daAuts
     D:2: 605 daAuts
     D:4: 359 daAuts
